 Dungeon Crawl Stone Soup version 0.29.1-15-g9cfb28693d (webtiles) character file.

Game seed: 14652472962930512992

67 H0rd4k the Charlatan (level 4, -4/30 HPs)
             Began as an Octopode Artificer on Mar 27, 2023.
             Killed from afar by a white imp (12 damage)
             ... with a puff of frost
             ... on level 3 of the Dungeon.
             The game lasted 00:01:24 (2678 turns).

H0rd4k the Charlatan (Octopode Artificer)           Turns: 2678, Time: 00:01:24

Health: -4/30      AC:  1    Str: 11    XL:     4   Next: 18%
Magic:  6/6        EV: 13    Int: 21    God:
Gold:   157        SH:  0    Dex: 12    Spells: 6/6 levels left

rFire   . . .      SeeInvis .     - Unarmed
rCold   . . .      Faith    .   (no shield)
rNeg    . . .      Spirit   .   (helmet restricted)
rPois   .          Reflect  .   (no amulet)
rElec   .          Harm     .   r - +6 ring of intelligence
rCorr   .          Rampage  .   (no ring)
Will    .....                   (no ring)
Stlth   +++.......              (no ring)
HPRegen 0.10/turn               (no ring)
MPRegen 0.10/turn               (no ring)
                                (no ring)
                                (no ring)

@: no status effects
A: almost no armour, amphibious, 8 rings, camouflage 1, gelatinous body 1,
(nimble swimmer 1), tentacles
a: no special abilities


You were on level 3 of the Dungeon.
You visited 1 branch of the dungeon, and saw 3 of its levels.

You collected 157 gold pieces.

Inventory:

Jewellery
 q - a +6 ring of dexterity
 r - a +6 ring of intelligence (left tentacle)
Wands
 b - a wand of flame (15) (quivered)
 c - a wand of charming (15)
 d - a wand of iceblast (5)
Scrolls
 e - 2 scrolls of immolation {unknown}
 f - a scroll of summoning {unknown}
 g - a scroll of enchant weapon {unknown}
 i - a scroll of silence {unknown}
 k - 2 scrolls of identify {unknown}
 l - a scroll of noise {unknown}
 o - a scroll of poison {unknown}
 p - a scroll of butterflies {unknown}
 t - a scroll of teleportation {unknown}
Potions
 a - a potion of invisibility {unknown}
 h - 2 potions of mutation {unknown}
 j - a potion of might {unknown}
 m - a potion of curing {unknown}
 n - 2 potions of heal wounds {unknown}
 s - a potion of lignification {unknown}


   Skills:
 * Level 2.4 Fighting
 - Level 2.3 Dodging
 - Level 1.3 Stealth
 + Level 1.7 Unarmed Combat
 * Level 1.7 Spellcasting
 - Level 3.2 Evocations


You had 6 spell levels left.
You didn't know any spells.
Your spell library was empty.

Dungeon Overview and Level Annotations

Branches:
Dungeon (3/15)

Altars:
Nemelex Xobeh


Innate Abilities, Weirdness & Mutations

You cannot wear most types of armour.
You are amphibious.
You can wear up to eight rings at the same time.
Your skin changes colour to match your surroundings (Stealth+).
Your rubbery body absorbs attacks. (AC +1, EV +1)
((You are camouflaged when in or above water. (Stealth+)))
You have tentacles for arms and can constrict up to eight enemies at once.


Message History

An endoplasm comes into view.
The goblin hits you with a +0 club.
You tentacle-slap the goblin.
You kill the goblin!
A white imp comes into view.
The endoplasm freezes you.
You are frozen.
You see here a +0 club.
You tentacle-slap the endoplasm but do no damage.
You squeeze the endoplasm.
The endoplasm is heavily wounded.
The endoplasm hits you.
You tentacle-slap the endoplasm but do no damage.
Your tentacle-slap misses the endoplasm.
You squeeze the endoplasm.
The endoplasm is severely wounded.
The endoplasm closely misses you.
You tentacle-slap the endoplasm.
You kill the endoplasm!
Found 10 gold pieces.
The white imp hits you. The white imp freezes you.
You tentacle-slap the white imp. You grab the white imp.
The white imp is moderately wounded.
You constrict the white imp. The white imp hits you. The white imp freezes you.
* * * LOW HITPOINT WARNING * * *
You tentacle-slap the white imp.
The white imp is heavily wounded.
You constrict the white imp, but do no damage.
The white imp laughs crazily.
The white imp gestures at you. The puff of frost misses you.
You tentacle-slap the white imp but do no damage.
You squeeze the white imp, but do no damage.
The white imp is heavily wounded.
You constrict the white imp. The white imp closely misses you.
You tentacle-slap the white imp. x2
The white imp is almost dead.
You constrict the white imp. The white imp gestures at you.
The puff of frost hits you!
You die...

..#. #.# .# #.
#........ ..... #.#
##.#.# # #........
..#.#.##.####..#.#
#.#.....#
.........##....#.## #
#.#....##
##................###.
#.#.# #
#.####.#.#.#.#.#.....
#.#. #
#...!........#####
#...#.#.#.#.......
###.......@......$
#.#.#.#)#5..####
#.........#.#
#.#.#.#.#.# #
#...........#
#######....## ######


You could see a white imp.

Vanquished Creatures
  2 adders
  A worm (D:2)
  3 dart slugs (D:2)
  3 endoplasms
  3 giant cockroaches
  6 goblins
  2 hobgoblins (D:1)
  3 quokkas (D:2)
  4 ball pythons (D:1)
  3 bats
  2 frilled lizards
  6 kobolds
  5 rats
43 creatures vanquished.

Vanquished Creatures (others)
  2 plants (D:2)
2 creatures vanquished.

Grand Total: 45 creatures vanquished

Notes
Turn   | Place    | Note
-------+----------+-------------------------------------------
     0 | D:1      | H0rd4k the Octopode Artificer began the quest for the Orb.
     0 | D:1      | Reached XP level 1. HP: 13/13 MP: 1/1
   395 | D:1      | Reached XP level 2. HP: 18/18 MP: 2/2
   592 | D:1      | Reached skill level 1 in Spellcasting
  1472 | D:2      | Reached XP level 3. HP: 24/24 MP: 4/4
  1677 | D:2      | Reached skill level 1 in Unarmed Combat
  2007 | D:2      | Found a faded altar of an unknown god.
  2452 | D:3      | Reached XP level 4. HP: 20/30 MP: 6/6
  2646 | D:3      | Found a sparkling altar of Nemelex Xobeh.
  2678 | D:3      | Killed from afar by a white imp

Illustrated notes

Levels and vault maps discovered:
D:1:      co_arrival_hexagon_in_a_hexagon, layout_basic,
          wander_ebering_terrifying_dragon_lair
D:2:      layout_loops_corners, hellmonk_ecumenical_altar_run_dry,
          minmay_misc_feat_tiny, corexii_shack
D:3:      layout_loops_ring, overflow_temple_1_default,
          nzn_wu_jian_council_hall, serial_glass, glass_columns_a,
          glass_columns_a, glass_columns_c, glass_columns_c, glass_columns_b,
          glass_columns_b, feat_on_display, uniq_natasha

Skill      XL: |  1  2  3 |
---------------+----------+-----
Spellcasting   | 1 |  1.7
Fighting       | 2 |  2.4
Unarmed Combat | 1 |  1.7
Dodging        | |  2.3
Stealth        | |  1.3
Evocations     | |  3.2

Action                   |  1- 3 |  4- 6 || total
-------------------------+-------+-------++-------
Melee: Unarmed           |   104 |    12 ||   116
       Constrict         |    30 |     3 ||    33
       Tentacles         |    20 |     5 ||    25
       Punch             |     5 |     1 ||     6
 Stab: Sleeping          |     6 |       ||     6
Armor: Skin              |     6 |       ||     6
Dodge: Dodged            |    70 |     4 ||    74
